 Dungeon Crawl Stone Soup version 0.30-b1-2-g02819fbbbe (webtiles) character file.

Game seed: 14287371825615077349

174 Boubouet the Chopper (level 5, 0/46 HPs)
             Began as a Draconian Fighter on July 31, 2023.
             Slain by a jelly (3 damage)
             ... on level 5 of the Dungeon.
             The game lasted 00:03:29 (1938 turns).

Boubouet the Chopper (Draconian Fighter)            Turns: 1938, Time: 00:03:30

Health: 0/46       AC: -7    Str: 20    XL:     5   Next: 28%
Magic:  5/5        EV: 12    Int:  9    God:
Gold:   76         SH:  4    Dex: 10    Spells: 4/4 levels left

rFire   + . .        l - +1 war axe (heavy)
rCold   . . .        b - +0 buckler
rNeg    . . .        (body armour unavailable)
rPois   .            (helmet restricted)
rElec   .            (no cloak)
rCorr   .            (no gloves)
SInv    .            (no boots)
Will    .....        (no amulet)
Stlth   +            f - ring of fire
HPRegen 0.27/turn    g - ring of protection from cold
MPRegen 0.09/turn

%: no passive effects
@: corroded
A: AC +5, unfitting armour, cold-blooded
a: no special abilities


You were on level 5 of the Dungeon.
You visited 1 branch of the dungeon, and saw 5 of its levels.

You collected 212 gold pieces.
You spent 136 gold pieces at shops.

Inventory:

Hand Weapons
 a - a +0 war axe
 l - a +1 heavy war axe (weapon)
Armour
 b - a +0 buckler (worn)
Magical Staves
 d - a staff of fire
Jewellery
 f - a ring of fire (left hand)
 g - a ring of protection from cold (right hand)
Scrolls
 h - a scroll of identify
 j - a scroll of enchant armour {unknown}
 m - 2 scrolls of enchant weapon
Potions
 c - 2 potions of might
 e - 3 potions of berserk rage {unknown}
 k - 2 potions of curing {unknown}


   Skills:
 + Level 4.0 Fighting
 + Level 4.0 Axes
 + Level 3.4 Dodging
 + Level 0.5 Stealth
 + Level 3.4 Shields


You had 4 spell levels left.
You didn't know any spells.
Your spell library contained the following spells:

 Spells                   Type           Power      Damage    Failure   Level
 Gell's Gravitas          Tloc           0%         N/A       83%         3
 Teleport Other           Tloc           0%         N/A       83%         3
 Dispersal                Tloc           0%         N/A       100%        6


Dungeon Overview and Level Annotations

Branches:
Dungeon (6/15)
 Temple: D:4-7

Altars:
Nemelex Xobeh

Shops:
D:2 ((


Innate Abilities, Weirdness & Mutations

Your plain brown scales are hard. (AC +5)
You cannot fit into any form of body armour.
You are cold-blooded and may be slowed by cold attacks.


Message History

You feel sick.
You feel sick.
You feel sick.
You are no longer poisoned.
A jelly comes into view.
A jelly is nearby!
The jelly quivers.
A scorpion comes into view.
An iguana comes into view.
You slash the jelly! The acid corrodes you!
Your hands burn!
You tail-slap the jelly.
The jelly is almost dead.
The jelly hits you.
You are splashed with acid!
The jelly completely misses you.
You hit the jelly but do no damage. The acid corrodes you!
Your hands burn!
The jelly is almost dead.
The jelly hits you.
You are splashed with acid!
The jelly closely misses you. You block the scorpion's attack.
You are too injured to fight recklessly!
You are too injured to fight recklessly!
You are too injured to fight recklessly!
You are too injured to fight recklessly!
You are too injured to fight recklessly!
As you read the scroll labelled RIWNYD UBEH, it crumbles to dust.
You hear a loud clanging noise!
It was a scroll of noise.
The iguana hisses angrily.
You hear a bark! x2; You hear a shout! x3
You block the jelly's attack. You block the scorpion's attack.
As you read the scroll labelled YBEOWYRYUM, it crumbles to dust.
The creatures around you are filled with an inner flame!
It was a scroll of immolation.
You block the scorpion's attack. The jelly hits you. The acid corrodes you!
You are splashed with acid!
* * * LOW HITPOINT WARNING * * *
As you read the scroll labelled EDIATO YTUCKIX, it crumbles to dust.
It is a scroll of identify.
m - 2 scrolls of enchant weapon The scorpion stings you!
* * * LOW HITPOINT WARNING * * *
The jelly hits you.
You die...

..# #..
.......#######..#
........#.......#
................#
...........#....###
..........##......#.
.........#..........
.............###
......J@...##..###
......s..###.....##
........## #......##
..l....## #.......##
......# #........##
#.... ......
#.........# .....
......# ##.........
##....# ......#
#......... #...[.#
#..# ##........


You could see a scorpion (inner flame), an iguana (inner flame) and a jelly
(inner flame).

Vanquished Creatures
  A water moccasin (D:5)
  2 adders
  3 dart slugs (D:1)
  5 endoplasms
  2 giant cockroaches (D:1)
  A goblin (D:2)
  11 hobgoblins
  2 jackals (D:2)
  4 kobolds
  6 ball pythons
  2 bats
  3 frilled lizards
  3 rats
45 creatures vanquished.

Notes
Turn   | Place    | Note
-------+----------+-------------------------------------------
     0 | D:1      | Boubouet the Draconian Fighter began the quest for the Orb.
     0 | D:1      | Reached XP level 1. HP: 19/19 MP: 1/1
    52 | D:1      | Reached XP level 2. HP: 19/26 MP: 2/2
   542 | D:1      | Reached XP level 3. HP: 33/33 MP: 3/3
   819 | D:2      | Found Lohyry's Weapon Boutique.
   964 | D:2      | Found a sparkling altar of Nemelex Xobeh.
  1186 | D:2      | Found Esy Loim's Antique Armour Shoppe.
  1353 | D:2      | Found Adim's Antique Weapon Boutique.
  1360 | D:2      | Bought a runed war axe for 136 gold pieces
  1777 | D:3      | You fall into a shaft and drop 3 floors!
  1783 | D:5      | Entered Level 5 of the Dungeon
  1804 | D:5      | Reached XP level 4. HP: 40/40 MP: 4/4
  1806 | D:5      | Noticed a water moccasin
  1811 | D:5      | Killed a water moccasin
  1812 | D:5      | Reached XP level 5. HP: 33/46 MP: 5/5
  1938 | D:5      | Slain by a jelly

Illustrated notes

Levels and vault maps discovered:
D:1:      lemuel_arrival_cross, layout_basic, hex_intersection
D:2:      layout_basic, basic_altar, serial_shops, nicolae_shop_crystal, shop,
          nicolae_shop_trees
D:3:      layout_rooms, nicolae_figureground_sparkle, uniq_sigmund, uniq_grinder
D:5:      layout_cave_pods, mainiacjoe_overflow_24_doors
D:6:      layout_cave_pools, minmay_temple_entry_statues_fountains,
          dilly_guarded_unrand_throatcut, uniq_crazy_yiuf_cottage

Skill      XL: |  1  2  3  4 |
---------------+-------------+-----
Dodging        | 3 |  3.4
Axes           | 3 4 |  4.0
Fighting       | 4 |  4.0
Stealth        | |  0.5
Shields        | |  3.4

Action                     |  1- 3 |  4- 6 || total
---------------------------+-------+-------++-------
  Melee: War axe           |   120 |     5 ||   125
         Tailslap          |    12 |     1 ||    13
    Use: Scroll            |       |     3 ||     3
 Armour: Skin              |    33 |     1 ||    34
  Dodge: Dodged            |    84 |     4 ||    88
  Block: Buckler           |    32 |     5 ||    37
